 Dungeon Crawl Stone Soup version 0.18.1-8-gdd0e5ea (webtiles) character file.

343 zeroDi the Cutter (level 6, -3/30 HPs)
             Began as a Vine Stalker Assassin on May 21, 2016.
             Slain by namelastname112's ghost (5 damage)
             ... on level 4 of the Dungeon.
             The game lasted 00:10:16 (3405 turns).

zeroDi the Cutter (Vine Stalker Assassin)           Turns: 3405, Time: 00:10:16

Health: -3/30      AC:  4    Str: 13    XL:     6   Next: 57%
Magic:  0/7        EV: 11    Int: 11    God:
Gold:   213        SH:  0    Dex: 18    Spells: 0 memorised, 5 levels left

rFire  . . .     SeeInvis .     a - +3 dagger (venom)
rCold  . . .     Gourm    .     F - +0 leather armour {rN+}
rNeg   + . .     Faith    .     (no shield)
rPois  .         Spirit   +     (no helmet)
rElec  .         Dismiss  .     d - +0 cloak
rCorr  .         Reflect  .     (no gloves)
SustAt .         Harm     .     (no boots)
MR     .....                    (no amulet)
Stlth  +++.......               (no ring)
                                (no ring)

@: lethally poisoned (-3 -> -20), drained, not resistant to hostile
enchantments, fairly stealthy
A: fangs 2, regeneration 2, magic shield, antimagic bite, no device heal 3, rot
immunity
a: no special abilities


You were on level 4 of the Dungeon.
You were not hungry.

You visited 1 branch of the dungeon, and saw 4 of its levels.

You collected 213 gold pieces.


Innate Abilities, Weirdness & Mutations

You have extremely sharp teeth.
You heal very quickly.
When hurt, damage is shared between your health and your magic reserves.
Your bite disrupts and absorbs the magic of your enemies.
Potions and wands cannot restore your health.
You are immune to rotting.


   Skills:
 - Level 1.7(1.5) Fighting
 - Level 6.1(5.8) Short Blades
 - Level 1.7(1.5) Throwing
 + Level 0.7(0.4) Dodging
 * Level 4.8(4.5) Stealth


You had 5 spell levels left.
You didn't know any spells.

Inventory:

Hand Weapons
 a - a +3 dagger of venom (weapon)
 b - a +0 blowgun
 l - a +2 dagger
Missiles
 e - 39 poisoned needles
 f - 2 curare-tipped needles {=f}
Armour
 c - a +0 robe
 d - a +0 cloak (worn)
 F - a +0 leather armour of positive energy (worn)
Jewellery
 i - an uncursed ring of stealth {unknown}
 j - an uncursed ring of magical power {unknown}
 w - an uncursed ring of protection from cold
 z - an uncursed ring of magical power {unknown}
Wands
 q - a wand of confusion (23/48)
 y - a wand of disintegration (17/24)
Scrolls
 h - a scroll of teleportation {@r4}
 k - 2 scrolls of fog
 r - a scroll of blinking
 A - a scroll of remove curse
 D - a scroll of recharging
Potions
 n - a potion of agility {unknown}
 o - 2 potions of curing {unknown}
 t - 2 potions of lignification {unknown}
 u - a potion of heal wounds {unknown}
 v - 3 potions of brilliance {unknown}
 x - 2 potions of degeneration {unknown}
 B - a potion of might {unknown}
 E - 2 potions of haste {unknown}
Comestibles
 g - 5 bread rations
 m - a beef jerky
 p - 4 fruits
 s - a meat ration

Dungeon Overview and Level Annotations

Branches:
Dungeon (4/15)
 Temple: D:4-7

Altars:
Pakellas

Shops:
D:4 ?

Annotations:
D:4 namelastname112's ghost, novice DrAM

#..........####...#
#............#.....
#.......(.........#
###..<.(.........##
##..(.........##
#............##
##(.......###..##
##W..#....## ##..#
##@.####...## ##.#
##..## #....# ##.
##..## ##....## #.
######..##
#..##..## ##
######......##
#.#####.## #
##..........## #.#
##.###
##.########.## #.#
#...## #.## ### ..#
##.... ### ..#
###..


You could see namelastname112's ghost.


Message History

You are more poisoned.
You are too injured to fight recklessly!
You are too injured to fight recklessly!
You closely miss namelastname112's ghost.
You bite namelastname112's ghost. You drain its power.
You feel invigorated.
Namelastname112's ghost is heavily damaged.
* * * LOW HITPOINT WARNING * * *
You feel sick. Namelastname112's ghost hits you.
* * * LOW HITPOINT WARNING * * *
You closely miss namelastname112's ghost.
Your bite misses namelastname112's ghost.
Namelastname112's ghost is heavily damaged.
* * * LOW HITPOINT WARNING * * *
You feel sick.
You hit namelastname112's ghost.
Your bite misses namelastname112's ghost.
Namelastname112's ghost is heavily damaged.
* * * LOW HITPOINT WARNING * * *
You feel sick. Namelastname112's ghost hits you!
You die...

Action                   |  1- 3 |  4- 6 || total
-------------------------+-------+-------++-------
Melee: Dagger            |    55 |   129 ||   184
       Bite              |     9 |    37 ||    46
 Fire: Blowgun           |     7 |       ||     7
Throw: Javelin           |       |    10 ||    10
Evoke: Wand              |       |     3 ||     3
  Use: Scroll            |       |     9 ||     9
 Stab: Sleeping          |    15 |     5 ||    20
  Eat: Chunk             |       |     6 ||     6
       Pizza             |       |     1 ||     1
Armor: Robe              |    11 |    13 ||    24
       Leather armour    |       |     7 ||     7
Dodge: Dodged            |    26 |    67 ||    93

Vault maps used:
D:1:      dpeg_arrival_tiny_d
D:2:      first_bread, gammafunk_pakellas_spire_experiment
D:3:      ecumenical_altar_2
D:4:      serial_shops, shop, hangedman_decor_opposing, uniq_robin, uniq_pikel

Notes
Turn   | Place    | Note
--------------------------------------------------------------
     0 | D:1      | zeroDi the Vine Stalker Assassin began the quest for the Orb.
     0 | D:1      | Reached XP level 1. HP: 11/11 MP: 2/2
    16 | D:1      | Reached skill level 2 in Short Blades
   126 | D:1      | Reached XP level 2. HP: 15/15 MP: 3/3
   345 | D:1      | Reached skill level 3 in Short Blades
   345 | D:1      | Reached XP level 3. HP: 13/18 MP: 2/4
   832 | D:2      | Found an oddly glowing altar of Pakellas.
   833 | D:2      | Noticed a seven-headed hydra
  1091 | D:2      | Reached XP level 4. HP: 23/23 MP: 5/5
  1266 | D:2      | Reached skill level 4 in Short Blades
  1405 | D:3      | Found a faded altar to an unknown god.
  1888 | D:3      | Reached XP level 5. HP: 26/26 MP: 6/6
  2367 | D:4      | Reached skill level 5 in Short Blades
  2379 | D:4      | Found Mauginut's Magic Scroll Shoppe.
  2428 | D:4      | Gained mutation: You heal very quickly. [Vine Stalker growth]
  2428 | D:4      | Reached XP level 6. HP: 5/30 MP: 2/7
  2780 | D:4      | Noticed a phantom
  2794 | D:4      | Noticed namelastname112's ghost (novice DrAM)
  3377 | D:4      | Killed a phantom
  3377 | D:4      | Reached skill level 6 in Short Blades
  3404 | D:4      | HP: 3/30 [poisoned by namelastname112's ghost]
  3405 | D:4      | Slain by namelastname112's ghost

Vanquished Creatures
  A phantom (D:4)
  2 howler monkeys (D:4)
  A worker ant (D:4)
  A gnoll (D:1)
  4 adders
  6 worms
  5 dart slugs
  3 giant geckos
  4 orcs (D:4)
  8 bats
  4 giant cockroaches
  6 goblins
  5 hobgoblins
  4 jackals (D:3)
  8 kobolds
  2 quokkas
  2 ball pythons
  3 giant newts (D:2)
  7 rats
76 creatures vanquished.

Vanquished Creatures (others)
  A lightning spire (D:2)
  2 bushes (D:2)
3 creatures vanquished.

Grand Total: 79 creatures vanquished
